 Dungeon Crawl Stone Soup version 0.20.1-1-g8b1a95d (webtiles) character file.

7809 Irenicus the Severer (level 11, -6/88 HPs)
             Began as a Deep Dwarf Monk on Nov 5, 2017.
             Was an Elder of Makhleb.
             Mangled by a merfolk
             ... wielding a +0 spear
              (15 damage)
             ... on level 9 of the Dungeon.
             The game lasted 00:24:10 (3836 turns).

Irenicus the Severer (Deep Dwarf Monk)              Turns: 3836, Time: 00:24:12

Health: -6/88      AC:  6    Str: 19    XL:     11   Next: 1%
Magic:  15/15      EV: 14    Int: 10    God:    Makhleb [****..]
Gold:   282        SH:  4    Dex: 20    Spells: 10/10 levels left

rFire    . . .     SeeInvis +   b - +2 broad axe (elec)
rCold    . . .     Gourm    .   (no shield)
rNeg     . . .     Faith    .   e - +1 leather armour
rPois    +         Spirit   .   t - +1 helmet
rElec    .         Reflect  .   (no cloak)
rCorr    .         Harm     .   (no gloves)
MR       +....     Rnd*Rage +   (no boots)
Stlth    ++........             (no amulet)
Regen    0.0/turn               h - +3 ring of strength
MPRegen  0.2/turn               F - ring of poison resistance

@: non-regenerating, studying Shields
A: damage resistance, heal wounds, large bone plates 1, see invisible, agile 1,
berserk 1, sense surroundings 2, no regeneration
a: Heal Wounds, Minor Destruction, Lesser Servant of Makhleb, Major Destruction,
Renounce Religion


You were on level 9 of the Dungeon.
You worshipped Makhleb.
Makhleb was greatly pleased with you.
You were not hungry.

You visited 2 branches of the dungeon, and saw 10 of its levels.
You also visited: Bailey.

You collected 282 gold pieces.

Inventory:

Hand Weapons
 a - a +0 hand axe
 b - a +2 broad axe of electrocution (weapon)
Armour
 e - a +1 leather armour (worn)
 t - a +1 helmet (worn)
Jewellery
 h - a +3 ring of strength (left hand)
 v - a +2 ring of strength
 y - an uncursed ring of flight
 F - a ring of poison resistance (right hand)
Wands
 s - a wand of paralysis (11/24)
Scrolls
 k - a scroll of recharging
 l - 2 scrolls of remove curse
 p - 2 scrolls of teleportation
 q - a scroll of identify
 D - a scroll of magic mapping
Potions
 f - a potion of magic
 i - a potion of flight
 m - a potion of haste
 r - 2 potions of cancellation
 w - a potion of brilliance
Books
 d - a manual of Shields
 j - a manual of Shields
Comestibles
 c - 4 bread rations
 g - 2 meat rations
 n - 2 fruits
 o - 2 royal jellies


   Skills:
 - Level 2.6 Fighting
 + Level 15.0 Axes
 - Level 3.2 Dodging
 - Level 2.4 Stealth
 - Level 13.3 Evocations


You had 10 spell levels left.
You didn't know any spells.

Dungeon Overview and Level Annotations

Branches:
Dungeon (9/15)             Temple (1/1) D:6
   Lair: D:8-11         Orc: D:9-12

Altars:
Ashenzari
Dithmenos
Makhleb
Nemelex Xobeh
Okawaru
Ru
Sif Muna
Trog
Zin
The Shining One


Innate Abilities, Weirdness & Mutations

You are resistant to damage.
You can heal yourself by infusing magical energy.
You passively map the area around you.
You do not regenerate.
You are partially covered in large bone plates. (SH +4)
You have supernaturally acute eyesight. (SInv)
You are agile. (Dex +2)
You tend to lose your temper in combat.


Message History

Makhleb accepts your kill.
You feel better. The merfolk hits you with a spear!
* * * LOW HITPOINT WARNING * * *
You barely miss the merfolk.
The merfolk is heavily wounded.
You slash the orc! Lightning courses through the orc!
You kill the orc!
Makhleb accepts your kill.
You feel better. The merfolk hits you with a spear!
* * * LOW HITPOINT WARNING * * *
The leopard gecko bites you but does no damage.
Okay, then.
You slash the merfolk!
The merfolk is severely wounded.
You slash the leopard gecko!
Lightning courses through the leopard gecko!
You kill the leopard gecko!
Makhleb accepts your kill.
You feel better. The merfolk hits you with a spear!
You die...

....... , .........#....
,, ,.......
,,,.........#.... ,* *
.......###+###......#####
,
*.............#......#....
.............#...........
≈≈
.............#####§§§####
, * ........[....#
*#§§.§§## , +
,.......))....###§§§.§§§##
,.......m@.....#§§§§...§§#
, ,
.......#........§§.§§§...
*
.......#..........._.§...
,.......#......§.§§§.§§§§.
, ,
.......#.....##§§§...§§§#
,, *,
.......#....%.##§§§..§§##
,, .... #......###§..§§##*
* , , ###########§.§#### ,
,* , #.................


You could see a merfolk.

Vanquished Creatures
  The ghost of Woxaris the Fighter, a novice MiFi of Ashenzari (Bailey)
  An orc knight (Bailey)
  Grinder (D:3)
  A hippogriff (D:7)
  2 humans (D:7)
  A black bear (D:8)
  12 orc warriors (Bailey)
  A sky beast (D:8)
  An ice beast (D:8)
  2 phantoms
  5 centaurs
  3 bullfrogs
  Blork the orc (D:4)
  A gnoll sergeant (D:8)
  2 crimson imps
  A centaur zombie (D:7)
  A quasit (D:7)
  2 jellies
  2 hounds
  4 orc wizards
  2 centaur skeletons
  An orc priest (D:8)
  A bullfrog skeleton (D:4)
  3 iguanas
  4 worker ants
  A hound skeleton (D:4)
  A worker ant zombie (D:6)
  3 gnolls (D:8)
  11 adders
  3 oozes
  5 adder skeletons
  2 worms
  3 leopard geckos
  14 orcs
  2 ball pythons
  A giant cockroach (D:5)
  6 hobgoblins
  2 jackals (D:1)
  6 quokkas
  6 bats
  14 goblins
  9 kobolds
  2 leopard gecko zombies
  A quokka zombie (D:6)
  8 rats
156 creatures vanquished.

Vanquished Creatures (others)
  3 plants (D:9)
3 creatures vanquished.

Grand Total: 159 creatures vanquished

Notes
Turn   | Place    | Note
-------+----------+-------------------------------------------
     0 | D:1      | Irenicus the Deep Dwarf Monk began the quest for the Orb.
     0 | D:1      | Reached XP level 1. HP: 20/20 MP: 1/1
   194 | D:5      | Entered Level 5 of the Dungeon
   195 | D:5      | Noticed a jelly
   211 | D:5      | HP: 1/20 [giant cockroach (1)]
   230 | D:5      | Killed a jelly
   230 | D:5      | Reached skill level 4 in Axes
   230 | D:5      | Reached XP level 2. HP: 14/27 MP: 2/2
   230 | D:5      | Reached XP level 3. HP: 18/33 MP: 3/3
   256 | D:5      | Reached skill level 5 in Axes
   282 | D:5      | Reached XP level 4. HP: 23/40 MP: 3/3
   414 | D:5      | Identified a scroll of acquirement
   680 | D:6      | Reached skill level 6 in Axes
   691 | D:6      | Noticed a phantom
   699 | D:6      | Reached XP level 5. HP: 16/46 MP: 4/4
   719 | D:6      | Reached skill level 7 in Axes
   728 | D:6      | Killed a phantom
   728 | D:6      | Reached XP level 6. HP: 30/55 MP: 5/5
   860 | D:6      | Found a staircase to the Ecumenical Temple.
   870 | Temple   | Entered the Ecumenical Temple
   916 | Temple   | Became a worshipper of Makhleb the Destroyer
   916 | Temple   | Reached * piety under Makhleb
   916 | Temple   | Reached ** piety under Makhleb
  1046 | D:4      | Noticed Blork the orc
  1061 | D:4      | Killed Blork the orc
  1061 | D:4      | Reached skill level 8 in Axes
  1063 | D:4      | Gained mutation: You tend to lose your temper in combat. [potion of mutation]
  1063 | D:4      | Gained mutation: You can translocate small distances at will. [potion of mutation]
  1078 | D:4      | Reached XP level 7. HP: 46/61 MP: 5/5
  1185 | D:3      | Reached skill level 9 in Axes
  1309 | D:3      | Found a glowing golden altar of the Shining One.
  2061 | D:1      | Reached *** piety under Makhleb
  2407 | D:3      | Noticed Grinder
  2417 | D:3      | Killed Grinder
  2417 | D:3      | Reached skill level 10 in Axes
  2663 | D:7      | Noticed a human
  2663 | D:7      | Found an iron altar of Okawaru.
  2665 | D:7      | Noticed a human
  2665 | D:7      | Reached XP level 8. HP: 68/68 MP: 6/6
  2681 | D:7      | Reached skill level 11 in Axes
  2814 | D:7      | Reached skill level 12 in Axes
  2849 | D:7      | Found a flagged portal.
  2854 | Bailey   | Entered a bailey
  2864 | Bailey   | Noticed Woxaris's ghost (novice MiFi)
  2902 | Bailey   | Killed Woxaris's ghost
  2902 | Bailey   | Gained mutation: You passively map the area around you. [Deep Dwarf growth]
  2902 | Bailey   | Reached XP level 9. HP: 43/74 MP: 5/11
  2975 | Bailey   | Reached **** piety under Makhleb
  3048 | Bailey   | Noticed an orc knight
  3052 | Bailey   | Reached skill level 14 in Axes
  3052 | Bailey   | Reached XP level 10. HP: 41/81 MP: 12/16
  3069 | Bailey   | Lost mutation: You tend to lose your temper in combat. [potion of mutation]
  3069 | Bailey   | Lost mutation: You can translocate small distances at will. [potion of mutation]
  3069 | Bailey   | Gained mutation: You are dopey. (Int -2) [potion of mutation]
  3069 | Bailey   | Gained mutation: Armour fits poorly on your strangely shaped body. [potion of mutation]
  3069 | Bailey   | Lost mutation: You are dopey. (Int -2) [potion of mutation]
  3070 | Bailey   | Lost mutation: Armour fits poorly on your strangely shaped body. [potion of mutation]
  3070 | Bailey   | Gained mutation: Your spells are a little easier to cast, but a little less powerful. [potion of mutation]
  3070 | Bailey   | Lost mutation: Your spells are a little easier to cast, but a little less powerful. [potion of mutation]
  3070 | Bailey   | Gained mutation: You tend to lose your temper in combat. [potion of mutation]
  3070 | Bailey   | Gained mutation: You are partially covered in large bone plates. (SH +4) [potion of mutation]
  3093 | Bailey   | Killed an orc knight
  3545 | D:8      | Found a bloodstained altar of Trog.
  3616 | D:8      | Gained mutation: You have supernaturally acute eyesight. (SInv) [mutagenic meat]
  3617 | D:8      | Gained mutation: You are agile. (Dex +2) [mutagenic meat]
  3766 | D:9      | Reached XP level 11. HP: 46/88 MP: 15/15
  3775 | D:9      | Reached skill level 15 in Axes
  3784 | D:9      | Found a shadowy altar of Dithmenos.
  3836 | D:9      | Mangled by a merfolk

Skill      XL: |  1  2  3  4  5  6  7  8  9 10 11 |
---------------+----------------------------------+-----
Axes           | 4 5 6 7 8 10 12 14 15 | 15.0
Evocations     | 7 13 | 13.3
Fighting       | |  2.6
Dodging        | |  3.2
Stealth        | |  2.4

Action                   |  1- 3 |  4- 6 |  7- 9 | 10-12 || total
-------------------------+-------+-------+-------+-------++-------
Melee: Hand axe          |    64 |     7 |       |       ||    71
       Broad axe         |       |    50 |   201 |    98 ||   349
 Abil: Heal Wounds       |     4 |     2 |     8 |     3 ||    17
Evoke: Wand              |       |       |     2 |     6 ||     8
  Use: Scroll            |     2 |     2 |     6 |     6 ||    16
       Potion            |       |     4 |     5 |     3 ||    12
 Stab: Sleeping          |     2 |       |     9 |       ||    11
       Paralysed         |       |       |       |    14 ||    14
  Eat: Chunk             |       |       |     7 |     4 ||    11
       Fruit             |       |       |       |     1 ||     1
Armor: Robe              |     3 |       |       |       ||     3
       Leather armour    |       |    11 |    40 |    17 ||    68
Dodge: Dodged            |    44 |    39 |   151 |    41 ||   275
Block: Other             |       |       |       |    12 ||    12
